Map: Triton LE

Players

amartnza

  • Race: Protoss Protoss
  • League: Silver
  • Spawn Location: 11:00

Djorn - Winner!

  • Race: Protoss Protoss
  • League: Bronze
  • Spawn Location: 5:00

VOD

Have the link to the VOD?

Description

Time

  • Played on: Aug. 26, 2019, 5:54 p.m.
  • Length: 6:01
Show
View Real Time Build Order
Export as new Build Order

amartnza Protoss 

Build Orders: Oracle Opening 

Get SALT Encoding   

  12  0:18  Pylon  
  12  0:28  Pylon  
  12  0:37  Gateway  
  12  0:40  Probe  
  12  0:48  Probe  
  13  0:53  Assimilator  
  14  0:58  Probe  
  15  1:10  Probe  
  16  1:22  Probe  
  17  1:26  Cybernetics Core  
  17  1:34  Probe  
  18  2:00  Assimilator  
  18  2:17  Stargate  
  18  2:20  Probe  
  18  2:28  Probe  
  20  2:38  Forge, Probe  
  20  2:43  Shield Battery  
  21  2:50  Probe  
  22  2:58  Robotics Facility  
  22  3:02  Probe  
  23  3:08  Oracle  
  26  3:14  Probe  
  26  3:18  Stalker  
  29  3:26  Probe  
  30  3:35  Photon Cannon  
  30  3:38  Probe  
  31  3:43  Pylon  
  31  3:55  Pylon  
  31  3:58  Pylon  
  31  4:01  Void Ray  
  32  4:44  Void Ray  
  36  4:48  Nexus  
  36  4:52  Assimilator  
  36  4:54  Assimilator  
  33  5:29  Photon Cannon  
  33  5:32  Photon Cannon  
Show
View Real Time Build Order
Export as new Build Order

Djorn Protoss - Winner!

Build Orders:  

Get SALT Encoding   

  12  0:02  Probe  
  13  0:14  Probe  
  14  0:22  Pylon  
  14  0:27  Probe  
  15  0:40  Probe  
  16  0:45  Gateway  
  16  0:48  Probe  
  16  0:56  Probe  
  17  0:58  Assimilator  
  18  1:06  Probe  
  19  1:18  Probe  
  20  1:31  Probe  
  21  1:32  Pylon  
  21  1:38  Cybernetics Core  
  21  2:12  Gateway  
  21  2:19  Warp Gate  
  21  2:20  Assimilator  
  21  2:34  Robotics Facility  
  21  2:37  Probe  
  22  2:49  Probe  
  22  2:50  Stalker  
  23  2:52  Pylon  
  23  2:58  Stalker  
  27  3:19  Gateway  
  27  3:21  Gateway  
  27  3:23  Gateway  
  27  3:26  Warp Prism  
  29  3:35  Stalker  
  31  3:42  Stalker  
  33  3:51  Probe  
  34  4:03  Probe  
  35  4:15  Probe  
  27  4:33  Stalker x2  
  27  4:34  Stalker x2  
  27  4:37  Zealot  
  31  5:07  Zealot x3  
  31  5:08  Zealot x2  
  35  5:40  Stalker x2  
Tags
 
Matchup
PvP
Replay Pack
sc2replays
Spawn Locations
Cross Positions
Add a new tag
Caveats
  • Supply blocks, unpowered buildings, or Contaminate may cause inaccurate times.
  • Supply counts are checked every 10 seconds.